 Dungeon Crawl Stone Soup version 0.17-a0-1575-g9a29ec8 (webtiles) character file.

908 HEYYEYAAE the Skirmisher (level 7, -4/64 HPs)
             Began as a Black Draconian Berserker on July 26, 2015.
             Was a Priest of Trog.
             Slain by a decayed bog body (7 damage)
             ... in an ossuary.
             The game lasted 00:04:52 (2981 turns).

HEYYEYAAE the Skirmisher (DrBe)                     Turns: 2981, Time: 00:04:52

Health: -4/64      AC:  7    Str: 21    XL:     7   Next: 81%
Magic:  8/8        EV: 14    Int:  7    God:    Trog [***...]
Gold:   213        SH:  0    Dex: 11    Spells: 0 memorised, 6 levels left

rFire  . . .     SeeInvis .     r - +0 long sword (elec)
rCold  . . .     Clarity  .     (armour unavailable)
rNeg   + . .     SustAt   .     (no shield)
rPois  .         Gourm    .     (helmet restricted)
rElec  +         Spirit   .     s - +0 cloak
rCorr  .         Warding  .     (no gloves)
rMut   .         Stasis   .     (no boots)
MR     .....                    (no amulet)
Stlth  +.........               (no ring)
                                k - ring of positive energy

@: slowed, very slow, not resistant to hostile enchantments, very unstealthy
A: breathe lightning, unfitting armour, electricity resistance, cold-blooded, AC
+6
a: Breathe Lightning, Burn Spellbooks, Berserk, Trog's Hand, Renounce Religion


You were in an ossuary.
You worshipped Trog.
Trog was most pleased with you.
You were hungry.

You visited 1 branch of the dungeon, and saw 5 of its levels.
You also visited: Ossuary.

You collected 213 gold pieces.

Inventory:

Hand weapons
 r - a +0 long sword of electrocution (weapon)
Armour
 s - a +0 cloak (worn)
Jewellery
 k - a ring of positive energy (left hand)
 v - an uncursed ring of ice
 y - an uncursed amulet of faith {unknown}
Magical devices
 q - a wand of magic darts (37)
Scrolls
 c - a scroll of enchant armour
 d - 2 scrolls of remove curse
 j - a scroll of blinking {unknown}
 m - 2 scrolls of amnesia {unknown}
 t - a scroll of teleportation {unknown}
 x - a scroll of fog {unknown}
Potions
 a - a potion of cancellation
 e - a potion of curing {unknown}
 f - a potion of degeneration {unknown}
 g - 2 potions of haste
 h - a potion of heal wounds {unknown}
 l - a potion of brilliance {unknown}
 n - a potion of resistance {unknown}
 p - a potion of cure mutation {unknown}
 u - a potion of berserk rage {unknown}
 w - a potion of lignification {unknown}
 z - a potion of agility
Comestibles
 b - 3 bread rations
 i - 4 meat rations


   Skills:
 * Level 6.4 Fighting
 * Level 5.6 Long Blades
 * Level 5.2 Dodging
 + Level 2.2 Evocations


You had 6 spell levels left.
You didn't know any spells.

Dungeon Overview and Level Annotations

Branches:
Dungeon (5/15)
 Temple: D:4-7

Altars:
Nemelex Xobeh
Xom


Innate Abilities, Weirdness & Mutations

You can breathe wild blasts of lightning.
Your glossy black scales are hard (AC +6).
Your body does not fit into most forms of armour.
You are resistant to electric shocks.
You are cold-blooded and may be slowed by cold attacks.


Message History

It was a potion of haste.
You feel yourself speed up.
You feel yourself speed up. The giant frog zombie misses you.
The decayed bog body hits you but does no damage.
The decayed bog body completely misses you.
The decayed bog body barely misses you. x2
You are very lightly contaminated with residual magic.
Drink which item? (? for menu, Esc to quit)
Okay, then.
The decayed bog body barely misses you. x2
Drink which item? (? for menu, Esc to quit)
It was a potion of cancellation.
Your magical effects are unravelling.
Your magical contamination has completely faded away.
You feel magically purged.
You feel yourself slow down. The decayed bog body misses you.
The decayed bog body touches you.
* * * LOW HITPOINT WARNING * * *
The decayed bog body freezes you!
You feel yourself slow down.
You die... #≈≈ ≈≈≈ #.# #≈≈ +≈## #Zn

###n###
#.n.n.#
#####@###
#∩..#.+
#.∩.'.#
#...#.+
#####.#
..+ #+#


You could see 4 decayed bog bodies and a giant frog zombie.

Vanquished Creatures
  2 ogres
  2 scorpions (D:4)
  4 crimson imps (D:3)
  4 orc wizards
  An orc priest (D:4)
  2 hounds (D:4)
  An iguana (D:4)
  Natasha (thrice) (D:3)
  A worker ant (D:4)
  A mummy (Ossuary)
  4 gnolls (D:3)
  2 river rats (D:3)
  3 adders
  2 oozes
  An adder skeleton (D:3)
  2 worms
  5 giant geckos
  15 orcs
  5 bats
  A bat zombie (Ossuary)
  5 giant cockroaches
  12 hobgoblins
  2 quokkas
  A ball python (D:2)
  3 giant newts (D:2)
  7 goblins
  7 jackals (D:1)
  7 kobolds
  7 rats
112 creatures vanquished.

Vanquished Creatures (others)
  2 plants (Ossuary)
2 creatures vanquished.

Grand Total: 114 creatures vanquished

Notes
Turn   | Place    | Note
--------------------------------------------------------------
     0 | D:1      | HEYYEYAAE the Draconian Berserker began the quest for the Orb.
     0 | D:1      | Reached XP level 1. HP: 19/19 MP: 1/1
   166 | D:1      | Reached XP level 2. HP: 16/26 MP: 2/2
   284 | D:1      | Acquired Trog's second power
   479 | D:2      | Found a sparkling altar of Nemelex Xobeh.
   484 | D:2      | Reached XP level 3. HP: 30/33 MP: 3/3
   540 | D:2      | Reached skill level 4 in Fighting
  1142 | D:3      | Reached XP level 4. HP: 40/40 MP: 4/4
  1154 | D:3      | Noticed Natasha
  1164 | D:3      | Killed Natasha
  1295 | D:3      | Noticed Natasha
  1301 | D:3      | Killed Natasha
  1355 | D:3      | Noticed Natasha
  1360 | D:3      | Killed Natasha
  1380 | D:3      | Reached XP level 5. HP: 21/47 MP: 5/5
  1595 | D:3      | Found a shimmering altar of Xom.
  1720 | D:3      | Reached skill level 5 in Fighting
  1726 | D:3      | Reached skill level 1 in Evocations
  1726 | D:3      | Reached XP level 6. HP: 8/56 MP: 6/6
  1970 | D:3      | Reached skill level 5 in Long Blades
  2004 | D:4      | Your scales start taking on a glossy black colour.
  2004 | D:4      | Gained mutation: You are resistant to electric shocks. [Black Draconian growth]
  2004 | D:4      | Reached XP level 7. HP: 53/62 MP: 8/8
  2192 | D:4      | Reached skill level 5 in Dodging
  2432 | D:4      | Reached skill level 6 in Fighting
  2790 | D:5      | Entered Level 5 of the Dungeon
  2849 | D:5      | Found a sand-covered staircase.
  2939 | Ossuary  | Entered an ossuary
  2981 | Ossuary  | HP: 3/64 [decayed bog body (3)]
  2981 | Ossuary  | Slain by a decayed bog body

Vault maps used:
D:1:      lightli_arrival_quake
D:2:      minmay_door_path, nemelex_deck, first_bread
D:3:      led_xom_imps, gup_sewer_entry_spiral, uniq_natasha
D:5:      elyvilon_altar_5, gammafunk_temple_overflow_elements,
          nicolae_ossuary_entry_ruins, basic_altar, dk_yredelemnul_ordeal,
          uniq_grinder
Ossuary:  ossuary_zaba_flooded

Action                   |  1- 3 |  4- 6 |  7- 9 || total
-------------------------+-------+-------+-------++-------
Melee: Falchion          |   112 |    85 |       ||   197
       Long sword        |       |    94 |    87 ||   181
Invok: Berserk           |       |     4 |       ||     4
       Trog's Hand       |       |     3 |     1 ||     4
  Use: Scroll            |       |     2 |       ||     2
       Potion            |       |     1 |     2 ||     3
 Stab: Sleeping          |     1 |       |       ||     1
  Eat: Chunk             |       |     7 |     3 ||    10
       Beef jerky        |       |       |     1 ||     1
